 Dungeon Crawl Stone Soup version 0.31-a0-232-gb1c03b2570 (webtiles) character file.

Game seed: 12916553057416583791

168 qw the Shooter (level 5, -7/45 HPs)
             Began as a Minotaur Hexslinger on July 7, 2023.
             Killed by divine providence
             ... invoked by an orc priest
              (12 damage)
             ... on level 3 of the Dungeon.
             The game lasted 00:00:50 (2219 turns).

qw the Shooter (Minotaur Hexslinger)                Turns: 2219, Time: 00:00:51

Health: -7/45      AC:  5    Str: 13    XL:     5   Next: 23%
Magic:  5/5        EV: 12    Int: 10    God:
Gold:   62         SH:  5    Dex: 20    Spells: 5/6 levels left

rFire   . . .        Y - +1 sling
rCold   . . .        (no shield)
rNeg    . . .        h - +0 leather armour
rPois   .            (helmet restricted)
rElec   .            (no cloak)
rCorr   .            (no gloves)
SInv    .            b - +1 pair of boots
Will    .....        e - amulet of reflection
Stlth   +            f - +6 ring of dexterity
HPRegen 0.27/turn    (no ring)
MPRegen 0.09/turn

%: reflection
@: no status effects
A: horns 2, retaliatory headbutt
a: no special abilities


You were on level 3 of the Dungeon.
You visited 1 branch of the dungeon, and saw 4 of its levels.

You collected 140 gold pieces.
You spent 78 gold pieces at shops.


Innate Abilities, Weirdness & Mutations

You have a pair of horns on your head.
You reflexively headbutt those who attack you in melee.


   Skills:
 - Level 3.1 Fighting
 + Level 5.4 Ranged Weapons
 - Level 2.1 Dodging
 - Level 1.0 Spellcasting
 - Level 2.0 Hexes


You had 5 spell levels left.
You knew the following spells:

 Your Spells              Type           Power      Damage    Failure   Level
a - Slow                  Hex            16%        N/A       19%         1

Your spell library contained the following spells:

 Spells                   Type           Power      Damage    Failure   Level
 Inner Flame              Hex/Fire       2%         N/A       65%         3
 Portal Projectile        Hex/Tloc       4%         N/A       65%         3
 Cause Fear               Hex            2%         N/A       88%         4

Inventory:

Hand Weapons
 Y - a +1 sling (weapon)
Armour
 b - a +1 pair of boots (worn)
 h - a +0 leather armour (worn)
Jewellery
 e - an amulet of reflection (around neck)
 f - a +6 ring of dexterity (left hand)
 k - a ring of ice
Scrolls
 a - a scroll of identify
Potions
 c - a potion of haste {unknown}
 g - 2 potions of curing
 i - a potion of invisibility {unknown}
 j - a potion of might {unknown}

Dungeon Overview and Level Annotations

Branches:
Dungeon (4/15)
 Temple: D:4-7

Altars:

Shops:
D:2 [!?=


Message History

There is a stone staircase leading down here.
You shoot a sling bullet.
The sling bullet closely misses the orc priest.
The orc priest closely misses you.
The orc priest mumbles some strange prayers to Beogh against you.
Beogh smites you!
You shoot a sling bullet.
The sling bullet hits the orc priest but does no damage.
The orc priest closely misses you. You furiously retaliate!
You headbutt the orc priest.
The orc priest calls down the wrath of Beogh upon you.
Beogh smites you!
2215 ||| DRINKING potion of heal wounds.
You feel much better. The orc priest closely misses you.
The orc priest hits you with a +0 dagger.
You shoot a sling bullet.
The sling bullet hits the orc priest but does no damage.
The orc priest is lightly wounded.
The orc priest mumbles some strange prayers to Beogh against you.
Pain shoots through your body! You block the orc priest's attack.
You shoot a sling bullet. The sling bullet hits the orc priest.
The orc priest is moderately wounded.
The orc priest closely misses you. You furiously retaliate!
You headbutt the orc priest. You block the orc priest's attack.
The orc priest calls down the wrath of Beogh upon you.
Beogh smites you!
The orc priest hits you but does no damage.
You shoot a sling bullet.
The sling bullet hits the orc priest but does no damage.
The orc priest is severely wounded.
The orc priest barely misses you. You furiously retaliate!
You headbutt the orc priest!
You kill the orc priest!
The orc priest hits you with a +0 dagger.
You shoot a sling bullet. The sling bullet hits the orc priest!
The orc priest is severely wounded.
The orc priest invokes the aid of Beogh against you.
Beogh smites you!
You die...

######### #..[@...##
#..)o)...# ####..####..#
#########
######.....#.##..####.o......
#........>.........o.o77.77##
#.####...........###.777o7 #
#.# ####.....#..##.#777o77 #
#.# #........#.## 7P.~7 7 #.#
##.......#77777~~.777


You could see an orc priest.

Vanquished Creatures
  A hound (D:3)
  An orc priest (D:3)
  Terence (D:3)
  An adder (D:2)
  A worm (D:2)
  4 dart slugs
  2 orcs (D:3)
  5 ball pythons
  2 bats (D:2)
  9 endoplasms
  2 giant cockroaches
  6 goblins
  4 hobgoblins
  4 jackals
  5 kobolds
  2 quokkas (D:3)
  5 frilled lizards
  3 rats
58 creatures vanquished.

Notes
Turn   | Place    | Note
-------+----------+-------------------------------------------
     0 | D:1      | qw the Minotaur Hexslinger began the quest for the Orb.
     0 | D:1      | Reached XP level 1. HP: 16/16 MP: 1/1
     0 | D:1      | 0 ||| qw: Version: 0.3-a-46-gb1f654a
     0 | D:1      | 0 ||| qw: Game counter: 2213
     0 | D:1      | 0 ||| qw: Melee chars always use a shield: true
     0 | D:1      | 0 ||| qw: God list: Okawaru
     0 | D:1      | 0 ||| qw: Allow faded altars: false
     0 | D:1      | 0 ||| qw: Do Orc after clearing Dungeon:15 true
     0 | D:1      | 0 ||| qw: Do second Lair branch before Depths: true
     0 | D:1      | 0 ||| qw: Lair rune preference: random
     0 | D:1      | 0 ||| qw: Goals: Normal
     0 | D:1      | 0 ||| PLANNING D:1-11
   185 | D:1      | Reached skill level 3 in Ranged Weapons
   212 | D:1      | Reached XP level 2. HP: 23/23 MP: 2/2
   253 | D:1      | 253 ||| FLEEEEING.
   441 | D:1      | 441 ||| READING scroll labelled FOSEME REMMUL.
   442 | D:1      | 442 ||| READING scroll labelled UPAOTESHRUNEI.
   443 | D:1      | 443 ||| DROPPING scroll of poison.
   467 | D:2      | Reached XP level 3. HP: 29/29 MP: 3/3
   515 | D:2      | Reached skill level 4 in Ranged Weapons
   636 | D:2      | Found Fyba's Magic Scroll Shoppe.
   639 | D:2      | 639 ||| BUYING scroll of identify (28 gold).
   639 | D:2      | Bought a scroll of identify for 28 gold pieces
   639 | D:2      | 639 ||| SHOPLISTING scroll of identify (28 gold, have 14).
   639 | D:2      | 639 ||| SHOPLISTING scroll of teleportation (42 gold, have
                  | 14).
   734 | D:2      | Found Kuhusonk's Jewellery Shoppe.
   744 | D:2      | 744 ||| SHOPLISTING +6 ring of strength (504 gold, have
                  | 33).
   744 | D:2      | 744 ||| SHOPLISTING ring of fire (350 gold, have 33).
   744 | D:2      | 744 ||| SHOPLISTING ring of protection from cold (350 gold,
                  | have 33).
   744 | D:2      | 744 ||| SHOPLISTING ring of see invisible (210 gold, have
                  | 33).
   744 | D:2      | 744 ||| SHOPLISTING ring of willpower (350 gold, have 33).
   848 | D:2      | Found Jeofiu's Distillery.
   850 | D:2      | Found Gigudexa's Antique Armour Shop.
   859 | D:2      | 859 ||| BUYING leather armour (50 gold).
   859 | D:2      | Bought a leather armour for 50 gold pieces
   859 | D:2      | 859 ||| SHOPLISTING ring mail (100 gold, have 11).
   864 | D:2      | 864 ||| SHOPLISTING 2 potions of mutation (208 gold, have
                  | 11).
   864 | D:2      | 864 ||| SHOPLISTING potion of cancellation (104 gold, have
                  | 11).
   864 | D:2      | 864 ||| SHOPLISTING potion of curing (39 gold, have 11).
   864 | D:2      | 864 ||| SHOPLISTING potion of haste (130 gold, have 11).
   864 | D:2      | 864 ||| SHOPLISTING potion of heal wounds (65 gold, have
                  | 11).
   882 | D:2      | Reached XP level 4. HP: 36/36 MP: 4/4
   972 | D:2      | 972 ||| UPGRADING to +1 pair of boots.
   977 | D:2      | 977 ||| UPGRADING to +0 leather armour.
   987 | D:2      | 987 ||| DROPPING +0 robe.
   988 | D:2      | 988 ||| UPGRADING to +6 ring of dexterity.
   989 | D:2      | 989 ||| READING scroll labelled IPOTOCIUTE.
   990 | D:2      | 990 ||| READING scroll labelled ZAFUTHR WOJAMM.
   995 | D:2      | 995 ||| READING 2 scrolls of identify.
   995 | D:2      | 995 ||| IDENTIFYING golden potion
  1272 | D:3      | Noticed Terence
  1279 | D:3      | Killed Terence
  1280 | D:3      | Reached skill level 5 in Ranged Weapons
  1923 | D:3      | 1923 ||| UPGRADING to amulet of reflection.
  1928 | D:3      | 1928 ||| READING 3 scrolls labelled ISIFON TANYNA.
  1929 | D:3      | 1929 ||| DRINKING 3 bubbling golden potions.
  1930 | D:3      | 1930 ||| DROPPING 2 scrolls of summoning.
  1959 | D:4      | 1959 ||| STAIRDANCE
  1962 | D:3      | Reached skill level 3 in Fighting
  1998 | D:4      | 1998 ||| STAIRDANCE
  2005 | D:3      | Reached XP level 5. HP: 43/45 MP: 5/5
  2015 | D:4      | 2015 ||| FLEEEEING.
  2016 | D:4      | 2016 ||| STAIRDANCE
  2076 | D:4      | 2076 ||| STAIRDANCE
  2180 | D:4      | 2180 ||| STAIRDANCE
  2211 | D:4      | 2211 ||| STAIRDANCE
  2214 | D:3      | HP: 6/45 [orc priest/divine providence (13)]
  2215 | D:3      | 2215 ||| DRINKING potion of heal wounds.
  2219 | D:3      | Killed from afar by an orc priest

Levels and vault maps discovered:
D:1:      elethiomel_arrival_shortcut, layout_basic
D:2:      layout_rooms, serial_shops, nicolae_shop_gaudy_bauble,
          nicolae_shop_rolled_up, shop_fountains, shop, minivault_23
D:3:      layout_loops_corners, serial_bayou_crossing, uniq_terence
D:4:      layout_loops_corners, nicolae_vehumet_radiance,
          mainiacjoe_overflow_brackets, kennysheep_slug_shrine,
          minmay_temple_entry_overgrown, gammafunk_ghost_cemetery,
          corexii_corridor_pit, uniq_crazy_yiuf_cottage

Skill      XL: |  1  2  3  4 |
---------------+-------------+-----
Ranged Weapons | 3 4 5 |  5.4
Fighting       | 2 3 |  3.1
Dodging        | |  2.1
Spellcasting   | |  1.0
Hexes          | |  2.0

Action                     |  1- 3 |  4- 6 || total
---------------------------+-------+-------++-------
   Fire: Sling             |   108 |    53 ||   161
    Use: Scroll            |     2 |     4 ||     6
         Potion            |       |     2 ||     2
 Armour: Robe              |     2 |       ||     2
         Leather armour    |       |    10 ||    10
  Dodge: Dodged            |    14 |    22 ||    36
  Block: Other             |       |     7 ||     7

Table legend:
 A = Non-vault XP
 B = Vault XP
 C = Vault XP percentage of total XP
 D = Non-vault monster count
 E = Vault monster count
 F = Vault count percentage of total count
                 A         B        C        D         E       F
            +---------+---------+-------+---------+---------+-------
      Total |     204 |      36 |  15.0 |      57 |       1 |   1.7
            +---------+---------+-------+---------+---------+-------
        D:1 |      40 |       0 |   0.0 |      21 |       0 |   0.0
        D:2 |      58 |       0 |   0.0 |      23 |       0 |   0.0
        D:3 |     104 |      36 |  25.7 |      12 |       1 |   7.7
        D:4 |       2 |       0 |   0.0 |       1 |       0 |   0.0
            +---------+---------+-------+---------+---------+-------
